AoeStats
← Emmayel

African Clearing

505368510Analyzed
4v4 RM · 22d ago on Sep 9, 2026· 59m 55s· 8 players
Game mode
Random Map
Map size
Large (8 player)
Population
200
Speed
Normal
Resources
Standard
Victory
Conquest
Starting age
Dark Age
Ending age
Imperial Age
RankedLock teamsTeams togetherTeam positionsShared explorationLock speedFull tech treeHidden civsTurbo modeCheats
Victory
Defeat
🇺🇸 Vietnamese · United States
1384
+15
🇭🇰 Turks · Hong Kong SAR China
1366
+15
🇧🇷 Inca · Brazil
1325
+17
🇲🇽 Mongols · Mexico
1309
+18
🇺🇸 Lithuanians · United States
1392
-18
🇳🇿 Celts · New Zealand
1388
-18
🇺🇸 Ethiopians · United States
1363
-17
🇨🇦 Magyars · Canada
1257
-12
Stebz13
6:22 Loom
11:40 Feudal Age
12:34 Double-Bit Axe
14:56 Horse Collar
24:39 Castle Age
23:24 Scale Barding Armor
24:00 Bloodlines
25:51 Chain Barding Armor
32:47 Forging
34:05 Bow Saw
37:28 Heavy Plow
42:06 Husbandry
44:52 Imperial Age
47:25 Plate Barding Armor
47:26 Cavalier
ArabianKnight
4:59 Loom
14:13 Feudal Age
14:45 Double-Bit Axe
16:23 Horse Collar
18:42 Fletching
19:40 Gold Mining
27:25 Castle Age
28:22 Bow Saw
27:40 Crossbowman
28:26 Bodkin Arrow
29:48 Pikeman
31:39 Wheelbarrow
33:07 Padded Archer Armor
33:58 Ballistics
35:52 Man-at-Arms
36:19 Gambesons
36:36 Scale Mail Armor
36:46 Forging
38:55 Town Watch
44:00 Chain Mail Armor
43:52 Long Swordsman
45:30 Hand Cart
46:36 Iron Casting
47:11 Murder Holes
46:56 Treadmill Crane
47:28 Masonry
53:17 Arson
53:55 Heavy Plow
Biodox
7:46 Loom
12:15 Feudal Age
13:20 Double-Bit Axe
22:05 Castle Age
21:27 Fletching
21:40 Gold Mining
21:33 Horse Collar
22:26 Crossbowman
23:06 Bodkin Arrow
25:05 Gold Shaft Mining
28:48 Wheelbarrow
29:06 Town Watch
32:16 Ballistics
33:45 Padded Archer Armor
37:27 Leather Archer Armor
43:54 Imperial Age
41:52 Masonry
43:24 Thumb Ring
44:43 Hand Cart
44:35 Bracer
45:37 Chemistry
45:10 Ring Archer Armor
45:55 Conscription
45:58 Arbalester
47:50 Capped Ram
48:54 Siege Ram
53:26 Torsion Engines
54:34 Elite Shotel Warrior
55:18 Scale Mail Armor
56:58 Chain Mail Armor
57:24 Siege Engineers
58:41 Forging
59:01 Plate Mail Armor
Emmayel
8:33 Loom
13:07 Feudal Age
15:15 Horse Collar
23:25 Castle Age
24:14 Bloodlines
24:50 Husbandry
24:43 Fletching
24:53 Padded Archer Armor
25:35 Bodkin Arrow
27:48 Scale Barding Armor
31:09 Wheelbarrow
30:20 Town Watch
32:52 Chain Barding Armor
32:46 Light Cavalry
44:34 Imperial Age
44:38 Cavalier
46:29 Paladin
47:26 Hand Cart
47:12 Town Patrol
49:04 Heavy Scorpion
53:55 Parthian Tactics
53:35 Thumb Ring
54:11 Plate Barding Armor
55:50 Ballistics
56:37 Chemistry
57:05 Double-Bit Axe
Hugh Jayniss
4:50 Loom
12:14 Feudal Age
15:45 Town Watch
19:54 Castle Age
18:52 Scale Barding Armor
23:28 Chain Barding Armor
23:34 Bloodlines
28:53 Husbandry
29:46 Double-Bit Axe
31:41 Forging
32:42 Wheelbarrow
32:06 Horse Collar
33:56 Iron Casting
35:21 Heavy Plow
38:04 Hand Cart
38:14 Fletching
39:39 Bodkin Arrow
40:40 Bow Saw
42:29 Gold Mining
46:39 Imperial Age
48:05 Plate Barding Armor
48:31 Blast Furnace
54:31 Bracer
59:54 Ballistics
Maninthemiddle
5:34 Loom
13:03 Feudal Age
15:50 Fletching
18:14 Padded Archer Armor
20:31 Castle Age
21:40 Horse Collar
25:11 Leather Archer Armor
24:53 Double-Bit Axe
25:36 Town Watch
30:28 Bodkin Arrow
33:43 Stone Mining
34:19 Gold Mining
38:58 Wheelbarrow
38:24 Town Patrol
41:09 Husbandry
41:19 Bloodlines
42:52 Gold Shaft Mining
45:56 Ballistics
49:36 Imperial Age
48:52 Bow Saw
58:59 Heavy Plow
l3av3x
3:16 Loom
13:02 Feudal Age
15:39 Double-Bit Axe
16:52 Horse Collar
24:47 Castle Age
23:22 Fletching
24:31 Padded Archer Armor
24:54 Town Watch
25:02 Gold Mining
25:39 Bodkin Arrow
25:07 Elite Skirmisher
32:23 Wheelbarrow
32:48 Redemption
33:29 Sanctity
34:24 Hand Cart
37:18 Pikeman
38:31 Scale Mail Armor
41:54 Chain Mail Armor
49:42 Imperial Age
48:25 Squires
48:36 Forging
50:33 Iron Casting
50:13 Halberdier
50:16 Capped Ram
51:27 Plate Mail Armor
51:21 Conscription
51:08 Fabric Shields
51:29 Conscription
50:30 Elite Kamayuk
51:34 Conscription
50:38 Elite Kamayuk
52:04 Bow Saw
51:55 Heavy Plow
51:45 Gold Mining
52:27 Siege Ram
54:10 Blast Furnace
53:11 Bracer
52:41 Champi Runner
53:27 Champi Warrior
53:54 Arson
54:08 Imperial Skirmisher
54:54 Thumb Ring
55:05 Leather Archer Armor
55:52 Chemistry
55:12 Ballistics
54:58 Siege Engineers
55:04 Masonry
54:34 Treadmill Crane
54:58 Elite Champi Warrior
59:28 Hoardings
Alt+F4 | Haise
10:28 Loom
12:44 Feudal Age
14:08 Double-Bit Axe
16:11 Scale Barding Armor
17:01 Forging
16:36 Horse Collar
18:55 Bloodlines
25:43 Castle Age
24:17 Padded Archer Armor
24:10 Fletching
24:45 Gold Mining
24:57 Padded Archer Armor
26:20 Bodkin Arrow
27:03 Leather Archer Armor
31:35 Wheelbarrow
38:31 Thumb Ring
44:19 Hand Cart
44:16 Bow Saw
46:28 Ballistics
Connection lost

Rejoining the realm…

Still unreachable

The connection could not be restored.

Session expired

The server has moved on; the page needs a fresh start.